 Dungeon Crawl Stone Soup version 0.21-a0-496-g696f58f (webtiles) character file.

18 theanonym the Chiller (level 2, -4/19 HPs)
             Began as a Demonspawn Ice Elementalist on Nov 24, 2017.
             Slain by a worm (5 damage)
             ... on level 2 of the Dungeon.
             The game lasted 00:01:25 (1333 turns).

theanonym the Chiller (Demonspawn Ice Elementalist) Turns: 1333, Time: 00:01:25

Health: -4/19      AC:  2    Str:  8    XL:     2   Next: 51%
Magic:  0/5        EV: 12    Int: 16    God:
Gold:   69         SH:  0    Dex: 13    Spells: 3/6 levels left

rFire    . . .     SeeInvis .   e - +0 short sword
rCold    . . .     Gourm    .   (no shield)
rNeg     . . .     Faith    .   a - +0 robe
rPois    .         Spirit   .   (no helmet)
rElec    .         Reflect  .   (no cloak)
rCorr    .         Harm     .   (no gloves)
MR       .....                  (no boots)
Stlth    ++........             (no amulet)
HPRegen  0.06/turn              (no ring)
MPRegen  0.09/turn              (no ring)

@: very slightly contaminated
A: talons 1
a: no special abilities


Innate Abilities, Weirdness & Mutations

You have sharp toenails.


   Skills:
 - Level 1.7 Dodging
 - Level 1.7 Stealth
 + Level 2.5 Spellcasting
 - Level 1.0 Conjurations
 + Level 3.1 Ice Magic


You had 3 spell levels left.
You knew the following spells:

 Your Spells              Type           Power        Failure   Level  Hunger
a - Freeze                Ice            ##..         5%          1    #......
b - Throw Frost           Conj/Ice       #.....       13%         2    ##.....

Skill      XL: |  1 |
---------------+----+-----
Ice Magic      | 3 |  3.1
Dodging        | |  1.7
Stealth        | |  1.7
Spellcasting   | |  2.5
Conjurations   | |  1.0

Action                   || total
-------------------------++-------
Melee: Short sword       ||    34
       Kick              ||     4
 Cast: Freeze            ||    15
 Stab: Sleeping          ||     6
  Eat: Chunk             ||     1
Armor: Robe              ||     7
Dodge: Dodged            ||    24

Inventory:

Hand Weapons
 e - a +0 short sword (weapon)
   (You found it on level 1 of the Dungeon)
Armour
 a - a +0 robe (worn)
Scrolls
 g - 2 scrolls of remove curse {unknown}
 j - a scroll of identify {unknown}
 k - a scroll of teleportation {unknown}
 m - a scroll of enchant weapon {unknown}
Potions
 h - 2 potions of brilliance {unknown}
 n - a potion of haste {unknown}
Books
 b - a book of Frost

   Spells                             Type                      Level
   a - Freeze                         Ice                          1
   b - Throw Frost                    Conjuration/Ice              2
   c - Ozocubu's Armour               Charms/Ice                   3
   d - Throw Icicle                   Conjuration/Ice              4
   e - Summon Ice Beast               Ice/Summoning                4
Comestibles
 c - 2 bread rations
 d - 4 fruits
 f - a royal jelly
 l - a meat ration

Dungeon Overview and Level Annotations

Branches:
Dungeon (2/15)

Altars:
Nemelex Xobeh


You were on level 2 of the Dungeon.
You were not hungry.

You visited 1 branch of the dungeon, and saw 2 of its levels.

You collected 69 gold pieces.


Message History

You now have 3/5 mp.
You start resting.
Your magical contamination has completely faded away.
Things that are here:
a club; 2 stones You start resting.
You now have 69 gold pieces (gained 9).
A rat comes into view.
You regained 8 hp, and now have 18/19 hp.
MP restored: 5 A rat is nearby!
A rat is nearby!
A rat is nearby!
A rat is nearby!
A rat is nearby!
Memorise Throw Frost, consuming 2 spell levels and leaving 3?
You start memorising the spell.
You continue memorising. x2
You finish memorising.
Spell assigned to 'b'.
You see here 27 stones.
Found a leather armour.
You hit the rat. You claw the rat, but do no damage.
The rat closely misses you.
You hit the rat.
You kill the rat!
No target in view!
No target in view!
No target in view!
You butcher the rat corpse.
i - 2 chunks of flesh (gained 1)
You see here a leather armour.
Eating one of 2 chunks of flesh.
You eat one of the 2 chunks of flesh.
n - a metallic orange potion Health restored: 19 A kobold comes into view.
It is wielding a short sword.
A kobold is nearby!
The helpless kobold fails to defend itself.
You hit the kobold.
You kill the kobold!
No target in view!
No target in view!
Things that are here:
a short sword; 2 stones; a kobold corpse You open the door.
There is an open door here.
There is an open door here.
There is an open door here.
Key pressed, stopping explore.
You open the door.
There is an open door here.
You open the door.
There is an open door here.
There is an open door here.
You open the door.
Found a sparkling altar of Nemelex Xobeh.
There is an open door here.
There is an open door here.
Key pressed, stopping explore.
There is an open door here.
You see here a mace.
All of the chunks of flesh in your inventory have rotted away.
Done exploring.
Done exploring.
Done exploring.
There is a stone staircase leading down here.
Search for what [? for help]? weapon && brand || buck || robe && ego Can't find anything matching that.
You climb downwards.
A worm comes into view.
There is a stone staircase leading up here.
A worm is nearby!
Found a runed jade amulet.
The helpless worm fails to defend itself.
You hit the worm. Your kick misses the worm. The worm bites you.
You take 5 damage, and have 14/19 hp.
MASSIVE DAMAGE!!
Aim: a worm (lightly wounded)
You freeze the worm. The worm barely misses you.
You now have 4/5 mp.
Aim: a worm (heavily wounded)
You freeze the worm.
You now have 3/5 mp.
Aim: a worm (heavily wounded)
You freeze the worm. The worm bites you.
You take 2 damage, and have 12/19 hp.
You now have 2/5 mp.
Aim: a worm (severely wounded)
You miscast Freeze.
You are very lightly contaminated with residual magic.
Nothing appears to happen.
* * * LOW MAGIC WARNING * * *
You now have 1/5 mp.
Aim: a worm (severely wounded)
You freeze the worm.
* * * LOW MAGIC WARNING * * *
The worm bites you!
Ouch! That really hurt!
* * * LOW HITPOINT WARNING * * *
You take 11 damage, and have 1/19 hp.
MASSIVE DAMAGE!!
You now have 0/5 mp.
You don't have enough magic to cast that spell.
No previous command to re-do.
You hit the worm but do no damage. You claw the worm. The worm bites you.
You die...

### .. ## ..
#.. .
#.".####.#
##...#.<#.##...
...............
####.#..#.#####
# #.@#.# ##w# #
..# ####


You could see a worm.

Notes
Turn   | Place    | Note
-------+----------+-------------------------------------------
     0 | D:1      | theanonym the Demonspawn Ice Elementalist began the quest for the Orb.
     0 | D:1      | Reached XP level 1. HP: 13/13 MP: 3/3
   541 | D:1      | Reached skill level 3 in Ice Magic
   547 | D:1      | Gained mutation: You have sharp toenails. [demonic ancestry]
   547 | D:1      | Reached XP level 2. HP: 15/19 MP: 3/5
   552 | D:1      | HP: 7/19 [kobold/dagger (3)]
   888 | D:1      | HP: 9/19 [kobold/club (4)]
  1036 | D:1      | Learned a level 2 spell: Throw Frost
  1218 | D:1      | Found a sparkling altar of Nemelex Xobeh.
  1332 | D:2      | HP: 1/19 [worm (11)]
  1333 | D:2      | Slain by a worm

Vanquished Creatures
  A leopard gecko (D:1)
  A giant cockroach (D:1)
  2 hobgoblins (D:1)
  5 kobolds (D:1)
  2 ball pythons (D:1)
  A bat (D:1)
  3 goblins (D:1)
  3 rats (D:1)
18 creatures vanquished.
